 Dungeon Crawl Stone Soup version 0.19.0-2-gae57169 (webtiles) character file.

223442 JeffiDaFish the Bludgeoner (level 19, -18/115 HPs)
             Began as a Gargoyle Fighter on Nov 5, 2016.
             Was the Champion of Makhleb.
             Killed from afar by a thorn hunter (23 damage)
             ... with a volley of thorns
             ... on level 3 of the Swamp on Nov 6, 2016.
             The game lasted 01:32:17 (27567 turns).

JeffiDaFish the Bludgeoner (Gargoyle Fighter)      Turns: 27567, Time: 01:32:18

Health: -18/115    AC: 40    Str: 37    XL:     19   Next: 26%
Magic:  28/28      EV:  7    Int:  9    God:    Makhleb [******]
Gold:   509        SH: 19    Dex: 13    Spells: 2 memorised, 24 levels left

rFire  . . .     SeeInvis +     g - +7 morningstar of Soxkis {speed, Stlth+}
rCold  + + +     Gourm    .     Q - +3 plate armour {rC+}
rNeg   + . .     Faith    .     c - +3 shield
rPois  ∞         Spirit   .     n - +1 helmet {SInv}
rElec  +         Reflect  .     a - +1 cloak {rPois}
rCorr  .         Harm     .     (no gloves)
MR     +....                    J - +1 pair of boots {Fly}
Stlth  ..........               N - amulet of rage
                                A - ring of Wiof {*Slow rC++ Str+5 Dex+3}
                                h - +5 ring of strength

@: grasped by roots, very slow
A: big wings, frail 1, mutation resistance 1, negative energy resistance 1,
electricity resistance, wild magic 1, unbreathing, petrification resistance, rot
immunity, AC +13
a: Fly, Minor Destruction, Lesser Servant of Makhleb, Major Destruction, Greater
Servant of Makhleb, Renounce Religion, Evoke Berserk Rage, Evoke Flight
}: 1/15 runes: serpentine


You were on level 3 of the Swamp.
You worshipped Makhleb.
Makhleb was exalted by your worship.
You were not hungry.

You visited 7 branches of the dungeon, and saw 32 of its levels.
You visited the Abyss 1 time.

You collected 2397 gold pieces.
You spent 1888 gold pieces at shops.

Inventory:

Hand Weapons
 g - the +7 morningstar of Soxkis (weapon) {speed, Stlth+}
   (You took it off a crimson imp on level 8 of the Dungeon)

   Attacks with this weapon are significantly faster.
   It makes you more stealthy.
 t - the +8 whip "Snakebite" {curare, rPois}
   (You took it off a naga sharpshooter on level 4 of the Snake Pit)

   It poisons the flesh of those it strikes.
   It protects you from poison.
 B - the +7 broad axe of Howocic {flame, Dex+5}
   (You bought it in a shop on level 4 of the Dungeon)

   It has been specially enchanted to burn those struck by it, causing extra
   injury to most foes and up to half again as much damage against particularly
   susceptible opponents.
   Big, fiery blades are also staple armaments of hydra-hunters.
   It affects your dexterity (+5).
Armour
 a - a +1 cloak of poison resistance (worn)
 c - a +3 shield (worn)
 n - a +1 helmet of see invisible (worn)
 J - a +1 pair of boots of flying (worn)
 Q - a +3 plate armour of cold resistance (worn)
Jewellery
 h - a +5 ring of strength (left hand)
 A - the ring of Wiof (right hand) {*Slow rC++ Str+5 Dex+3}
   (You found it on level 6 of the Dungeon)

   [ring of dexterity]

   It affects your strength (+5).
   It affects your dexterity (+3).
   It greatly protects you from cold.
   It may slow you when you take damage.
 N - an amulet of rage (around neck)
Wands
 P - a wand of lightning (9/15)
Scrolls
 b - 2 scrolls of teleportation
 o - 8 scrolls of amnesia
 p - 23 scrolls of identify
 s - 3 scrolls of recharging
 u - 11 scrolls of remove curse
 y - a scroll of blinking
 z - a scroll of holy word
 E - 4 scrolls of fear
 H - 3 scrolls of enchant weapon
 M - 3 scrolls of magic mapping
Potions
 d - 3 potions of might
 e - a potion of flight
 k - 5 potions of curing
 r - 6 potions of cure mutation
 x - a potion of berserk rage
 C - 4 potions of brilliance
 F - a potion of invisibility
 G - 2 potions of agility
 K - 2 potions of magic
 O - a potion of ambrosia
Books
 i - a book of Misfortune

   Spells                             Type                      Level
   a - Confusing Touch                Hexes                        1
   b - Confuse                        Hexes                        3
   c - Gell's Gravitas                Hexes/Translocation          3
   d - Petrify                        Transmutation/Earth          4
   e - Metabolic Englaciation         Hexes/Ice                    5
   f - Yara's Violent Unravelling     Hexes/Transmutation          5
 v - a book of the Warp

   Spells                             Type                      Level
   a - Gell's Gravitas                Hexes/Translocation          3
   b - Portal Projectile              Translocation                3
   c - Force Lance                    Conjuration/Translocation    4
   d - Dispersal                      Translocation                6
   e - Controlled Blink               Translocation                8
   f - Disjunction                    Translocation                8
 D - a book of Party Tricks

   Spells                             Type                      Level
   a - Summon Butterflies             Summoning                    1
   b - Apportation                    Translocation                1
   c - Lesser Beckoning               Translocation                3
   d - Tukima's Dance                 Hexes                        3
   e - Alistair's Intoxication        Transmutation/Poison         5
   f - Invisibility                   Hexes                        6
 I - a book of Debilitation

   Spells                             Type                      Level
   a - Corona                         Hexes                        1
   b - Slow                           Hexes                        2
   c - Gell's Gravitas                Hexes/Translocation          3
   d - Inner Flame                    Hexes/Fire                   3
   e - Cause Fear                     Hexes                        4
   f - Leda's Liquefaction            Hexes/Earth                  4
 L - a book of Death

   Spells                             Type                      Level
   a - Corpse Rot                     Necromancy                   2
   b - Sublimation of Blood           Necromancy                   2
   c - Agony                          Necromancy                   5
   d - Dispel Undead                  Necromancy                   5
   e - Excruciating Wounds            Charms/Necromancy            5
   f - Bolt of Draining               Conjuration/Necromancy       5
 R - Sif Muna's Grimoire of Unholy Magic and Contamination
   (You found it on level 1 of the Swamp)

   Spells                             Type                      Level
   a - Ignite Poison                  Fire/Transmutation/Poison    3
   b - Animate Dead                   Necromancy                   4
   c - Olgreb's Toxic Radiance        Poison                       4
   d - Agony                          Necromancy                   5
 T - a book of Alchemy

   Spells                             Type                      Level
   a - Sublimation of Blood           Necromancy                   2
   b - Ignite Poison                  Fire/Transmutation/Poison    3
   c - Petrify                        Transmutation/Earth          4
   d - Alistair's Intoxication        Transmutation/Poison         5
   e - Irradiate                      Conjuration/Transmutation    5
Comestibles
 f - 9 bread rations
 j - 8 meat rations
 l - 6 slices of pizza
 m - a fruit
 q - 5 royal jellies
 w - 3 beef jerkies
 S - 5 chunks of flesh


   Skills:
 * Level 17.2 Fighting
 - Level 6.2(13.2) Axes
 * Level 18.9(19.2) Maces & Flails
 * Level 13.7 Armour
 - Level 4.2 Dodging
 - Level 0.5 Stealth
 * Level 15.7 Shields
 + Level 6.5 Spellcasting
 + Level 6.3 Hexes
 + Level 1.4 Necromancy


You had 24 spell levels left.
You knew the following spells:

 Your Spells              Type           Power        Failure   Level  Hunger
a - Confuse               Hex            ###.....     32%         3    ###....
b - Animate Dead          Necr           N/A          100%        4    ####...


Dungeon Overview and Level Annotations

Branches:
Dungeon (15/15)            Temple (1/1) D:7            Lair (6/6) D:9
  Swamp (3/4) Lair:3        Snake (4/4) Lair:3        Slime (0/5) Lair:5
    Orc (2/2) D:10            Elf (0/3) Orc:2        Vaults (0/5) D:13
 Depths (0/5) D:15           Hell (1/1)
    Dis: Hell:1         Geh: Hell:1         Coc: Hell:1         Tar: Hell:1

Altars:
Ashenzari
Cheibriados
Dithmenos
Elyvilon
Fedhas
Gozag
Hepliaklqana
Kikubaaqudgha
Makhleb
Nemelex Xobeh
Okawaru
Qazlal
Ru
Sif Muna
Trog
Uskayaw
Vehumet
Xom
Yredelemnul
Zin
The Shining One
Beogh
Jiyva

Shops:
D:4 ?:(   D:6 (   D:12 *%   D:13 (}[=(   Orc:1 }   Orc:2 =[:(

Portals:
Hell: Lair:6

Annotations:
Lair:6 exclusion: 2 oklob plants
Hell Geryon


Innate Abilities, Weirdness & Mutations

You are resistant to torment.
Your stone body is resilient. (AC +13)
You are immune to poison.
Your large and strong wings let you fly indefinitely.
You resist negative energy. (rN+)
You are resistant to electric shocks. (rElec)
You can survive without breathing.
You are immune to petrification.
You are immune to rotting.
You are frail. (-10% HP)
You are somewhat resistant to further mutation.
Your spells are a little harder to cast, but a little more powerful.


Message History

The ground creaks as gnarled roots bulge its surface.
The briar patch crumbles away. x5
The thorn hunter gestures.
Thorny briars emerge from the ground!
The thorn hunter fires a volley of thorns at you.
The volley of thorns hits you!
* * * LOW HITPOINT WARNING * * *
You block the shambling mangrove's attack.
You feel better.
The briar patch crumbles away.
The thorn hunter fires a volley of thorns at you.
The volley of thorns hits you!
The shambling mangrove completely misses you.
The thorn hunter fires a volley of thorns at you.
The volley of thorns hits you!
* * * LOW HITPOINT WARNING * * *
The thorn hunter hits the briar patch.
The thorn hunter hits the briar patch but does no damage.
The thorn hunter fires a volley of thorns at you.
The volley of thorns hits you!
You die...

.≈♣♣♣.P.♣.........♣. .
♣♣♣♣♣♣P≈..PP≈§≈....♣.♣ ♣
.....♣.♣P.≈PP..≈≈..♣.♣..
♣..♣♣.PP.PPP.∩..≈...≈P
♣♣♣♣♣.≈.P≈..♣ ♣..≈..♣
♣.P.♣..≈..♣ ♣..≈..♣
♣♣..P♣..≈..♣♣♣..≈P.♣
♣....♣...≈.%..Pf...♣
♣♣.....♣P.≈≈†..§@PP♣....
♣[...P.♣P..†≈≈≈..PP♣ ..♣
♣♣.PP...♣........P♣f....
♣♣♣....P≈≈.P...♣♣P..P.♣
♣♣♣♣♣P..♣≈♣♣♣PPP♣♣♣♣♣
♣..♣.P.... PP♣.♣
♣♣.♣♣♣..... P♣♣♣. ♣♣.♣♣
♣.♣...♣.♣ .. ♣♣♣..♣
♣♣♣P....♣♣ ♣.


You could see a thorn hunter and a shambling mangrove.

Vanquished Creatures
  Vashnia (Snake:2)
  Nikola (Snake:3)
  Jorgrun (Swamp:2)
  Rupert (D:15)
  Gastronok (Lair:2)
  A tentacled starspawn (Abyss:1)
  Frances (Swamp:2)
  Agnes (Snake:3)
  2 thorn hunters (Swamp:3)
  Donald (Swamp:2)
  2 orc warlords (Orc:2)
  20 nagarajas (Snake:4)
  A cacodemon (Abyss:1)
  A caustic shrike zombie (D:15)
  A dire elephant (Lair:6)
  A vault guard (D:13)
  Fannar (Lair:2)
  20 naga warriors
  2 ghost crabs
  A catoblepas (Lair:6)
  11 hydras
  5 anacondas
  A death knight (Abyss:1)
  4 alligators
  5 centaur warriors
  5 death yaks
  A tengu warrior (D:14)
  2 orc high priests
  3 thrashing horrors (Abyss:1)
  5 shock serpents
  18 naga sharpshooters
  A sun demon (Abyss:1)
  Sonja (Lair:2)
  3 salamander mystics
  A sixfirhy (Lair:6)
  2 unseen horrors
  6 skeletal warriors (D:15)
  A spriggan druid (Swamp:3)
  2 wizards
  3 swamp dragons
  8 hill giants
  A phantasmal warrior (D:15)
  10 naga ritualists
  2 shambling mangroves
  6 ugly things
  A necromancer (D:15)
  An orc knight (Orc:1)
  12 mana vipers
  10 salamanders
  A deep elf mage (D:15)
  2 oklob plants
  3 orc sorcerers
  2 cyclopes
  A worldbinder (Abyss:1)
  2 manticores
  A smoke demon (Lair:6)
  22 naga magi
  12 elephants
  32 black mambas
  5 guardian serpents
  4 orange demons
  2 spriggan zombies (D:15)
  12 komodo dragons
  12 spiny frogs
  A rime drake (shapeshifter) (D:13)
  2 rime drakes (Lair:6)
  2 freezing wraiths
  A kobold demonologist (D:10)
  3 ice devils (Lair:6)
  A guardian mummy (D:15)
  An ancient zyme (Abyss:1)
  4 trolls
  4 red devils (Lair:6)
  2 two-headed ogres
  A wolf spider simulacrum (D:14)
  A hydra zombie (Abyss:1)
  6 tyrant leeches
  15 hornets
  3 raiju (Abyss:1)
  14 blink frogs
  9 slime creatures
  12 hippogriffs
  4 bog bodies
  A deep troll zombie (D:15)
  6 dream sheep (Lair:6)
  4 vampires
  2 meliai zombies
  A redback (D:13)
  7 spriggans
  3 wyverns
  2 shadows
  A large abomination (Abyss:1)
  2 wraiths
  A yak (shapeshifter) (Abyss:1)
  5 basilisks
  55 yaks
  9 vampire mosquitoes
  3 hungry ghosts
  2 mottled dragons
  4 insubstantial wisps (Lair:3)
  71 nagas
  7 wargs
  15 swamp worms
  6 water moccasins
  10 porcupines
  A black bear (D:10)
  34 orc warriors
  7 swamp drakes
  A sky beast (D:9)
  4 phantoms
  An eye of draining (shapeshifter) (D:14)
  A hornet zombie (D:9)
  13 ogres
  An eye of draining (D:15)
  4 ice beasts
  8 centaurs
  13 wolves
  10 crocodiles
  15 bullfrogs
  4 small abominations (Abyss:1)
  22 big kobolds
  A wyvern zombie (D:7)
  A water moccasin zombie (D:11)
  6 scorpions
  15 killer bees
  8 wights
  6 howler monkeys
  3 electric eels
  5 lava snakes (Snake:1)
  13 crimson imps
  A bullfrog zombie (D:6)
  5 centaur zombies
  5 hounds
  3 bullfrog skeletons
  9 jellies
  4 centaur skeletons
  24 orc priests
  42 orc wizards
  3 iguanas
  7 hell rats (Lair:6)
  9 worker ants
  2 hound zombies
  A hound skeleton (D:7)
  A howler monkey zombie (D:8)
  A worker ant zombie (D:5)
  Robin (D:4)
  4 gnolls (D:4)
  14 adders
  A river rat (D:9)
  3 shadow imps
  An ufetubus (Abyss:1)
  5 oozes (D:8)
  An adder zombie (D:7)
  An adder skeleton (D:7)
  3 worms
  2 dart slugs
  5 leopard geckos
  119 orcs
  A ball python (D:1)
  6 giant cockroaches
  16 goblins
  5 hobgoblins
  11 jackals
  21 kobolds
  5 quokkas
  11 bats
  2 frilled lizards (D:1)
  11 rats
  2 briar patches (Swamp:3)
  3 fungi
  A withered plant (D:15)
1177 creatures vanquished.

Vanquished Creatures (others)
  A naga (Snake:4)
  A hound (D:11)
  2 orc wizards
  3 orcs (Orc:1)
  13 fungi
  4 plants
  2 starspawn tentacles (Abyss:1)
26 creatures vanquished.

Grand Total: 1203 creatures vanquished

Notes
Turn   | Place    | Note
-------+----------+-------------------------------------------
     0 | D:1      | JeffiDaFish the Gargoyle Fighter began the quest for the Orb.
     0 | D:1      | Reached XP level 1. HP: 14/14 MP: 1/1
    92 | D:1      | Reached XP level 2. HP: 4/19 MP: 2/2
   505 | D:1      | Reached XP level 3. HP: 24/24 MP: 3/3
   881 | D:2      | Reached skill level 3 in Maces & Flails
   881 | D:2      | Reached XP level 4. HP: 25/29 MP: 4/4
  1573 | D:3      | Reached XP level 5. HP: 32/33 MP: 5/5
  1746 | D:3      | Reached skill level 1 in Dodging
  2009 | D:4      | Found a hide-covered altar of Uskayaw.
  2009 | D:4      | Found a shimmering altar of Xom.
  2056 | D:4      | Reached XP level 6. HP: 38/38 MP: 6/6
  2065 | D:4      | Reached skill level 4 in Maces & Flails
  2118 | D:4      | Noticed Robin
  2148 | D:4      | Killed Robin
  2164 | D:4      | Reached skill level 5 in Shields
  2246 | D:4      | Reached XP level 7. HP: 38/43 MP: 1/7
  2374 | D:4      | Found Ypletea's Antique Weapon Boutique.
  2478 | D:4      | Reached skill level 5 in Maces & Flails
  2822 | D:4      | Found Hutifir's Magic Scroll Shoppe.
  2891 | D:4      | Found an opulent altar of Gozag.
  2891 | D:4      | Found a glowing silver altar of Zin.
  2974 | D:4      | Found Valafywn's Book Boutique.
  3011 | D:5      | Entered Level 5 of the Dungeon
  3226 | D:5      | Reached XP level 8. HP: 41/48 MP: 6/8
  3379 | D:5      | Reached skill level 6 in Maces & Flails
  3493 | D:5      | Reached skill level 5 in Armour
  3514 | D:5      | Reached skill level 5 in Fighting
  4117 | D:6      | Reached skill level 7 in Maces & Flails
  4226 | D:6      | Found Kuykewky's Weapon Shop.
  4345 | D:6      | Reached XP level 9. HP: 54/54 MP: 7/9
  4369 | D:6      | Found a hide-covered altar of Uskayaw.
  4372 | D:6      | Got a smoking wooden ring
  4374 | D:6      | Identified the ring of Wiof {*Slow rC++ Str+5 Dex+3} (You found it on level 6 of the Dungeon)
  4467 | D:4      | Bought a smoking broad axe for 207 gold pieces
  4469 | D:4      | Identified the +7 broad axe of Howocic {flame, Dex+5} (You bought it in a shop on level 4 of the Dungeon)
  4845 | D:7      | Reached skill level 1 in Axes
  4856 | D:7      | Found a staircase to the Ecumenical Temple.
  4867 | Temple   | Entered the Ecumenical Temple
  4976 | Temple   | Became a worshipper of Makhleb the Destroyer
  5193 | D:7      | Noticed a hornet
  5202 | D:7      | Killed a hornet
  5372 | D:7      | Reached * piety under Makhleb
  5420 | D:8      | Reached skill level 5 in Axes
  5420 | D:8      | Reached XP level 10. HP: 52/60 MP: 8/10
  5628 | D:8      | Got a polished morningstar {speed}
  5629 | D:8      | Identified the +7 morningstar of Soxkis {speed, Stlth+} (You took it off a crimson imp on level 8 of the Dungeon)
  5737 | D:8      | Reached ** piety under Makhleb
  6051 | D:8      | Reached skill level 8 in Maces & Flails
  6105 | D:9      | Noticed a hill giant
  6117 | D:9      | Killed a hill giant
  6216 | D:9      | Found a shattered altar of Ashenzari.
  6360 | D:9      | Reached skill level 9 in Maces & Flails
  6459 | D:9      | Found a staircase to the Lair.
  6464 | D:9      | Reached XP level 11. HP: 67/67 MP: 11/11
  6486 | D:9      | Reached *** piety under Makhleb
  6692 | D:9      | Reached skill level 10 in Maces & Flails
  6852 | Lair:1   | Entered Level 1 of the Lair of Beasts
  6987 | Lair:1   | Reached skill level 11 in Maces & Flails
  7149 | Lair:1   | Reached **** piety under Makhleb
  7272 | Lair:1   | Gained mutation: Your spells are a little harder to cast, but a little more powerful. [potion of mutation]
  7272 | Lair:1   | Gained mutation: You possess an exceptional clarity of mind. [potion of mutation]
  7272 | Lair:1   | Lost mutation: You possess an exceptional clarity of mind. [potion of mutation]
  7484 | Lair:2   | Reached XP level 12. HP: 75/75 MP: 12/12
  7509 | Lair:2   | Noticed a five-headed hydra
  7523 | Lair:2   | Killed a five-headed hydra
  7523 | Lair:2   | Reached skill level 12 in Maces & Flails
  7538 | Lair:2   | Noticed Gastronok
  7555 | Lair:2   | Killed Gastronok
  7593 | Lair:2   | Reached skill level 10 in Shields
  7697 | Lair:2   | Noticed Sonja
  7887 | Lair:2   | Cast into level 1 of the Abyss (Sonja)
  7998 | Abyss:1  | Reached skill level 13 in Maces & Flails
  8122 | Abyss:1  | Noticed an ironheart preserver
  8130 | Abyss:1  | Noticed a sun demon
  8137 | Abyss:1  | Noticed a tentacled starspawn
  8147 | Abyss:1  | Killed a sun demon
  8155 | Abyss:1  | Killed a tentacled starspawn
  8155 | Abyss:1  | Reached skill level 10 in Fighting
  8189 | Abyss:1  | Noticed a thrashing horror
  8197 | Abyss:1  | Killed a thrashing horror
  8202 | Abyss:1  | Noticed a cacodemon
  8206 | Abyss:1  | Reached XP level 13. HP: 82/82 MP: 9/13
  8225 | Abyss:1  | Gained mutation: You are frail. (-10% HP) [a cacodemon]
  8227 | Abyss:1  | Gained mutation: You are somewhat resistant to further mutation. [a cacodemon]
  8228 | Abyss:1  | Killed a cacodemon
  8228 | Abyss:1  | Reached ***** piety under Makhleb
  8239 | Abyss:1  | Reached skill level 14 in Maces & Flails
  8356 | Abyss:1  | Noticed a balrug
  8358 | Lair:2   | Escaped the Abyss
  8367 | Lair:2   | Killed Sonja
  8672 | Lair:2   | Noticed Fannar
  8690 | Lair:2   | Killed Fannar
  9317 | Lair:3   | Found a staircase to the Swamp.
  9492 | Lair:3   | Found a staircase to the Snake Pit.
 10207 | Lair:4   | Reached skill level 15 in Maces & Flails
 10725 | Lair:5   | Found a staircase to the Slime Pits.
 10729 | Lair:5   | Found a viscous altar of Jiyva.
 10980 | Lair:5   | Gained mutation: Your large and strong wings let you fly indefinitely. [Gargoyle growth]
 10980 | Lair:5   | Reached XP level 14. HP: 81/81 MP: 14/14
 11287 | Lair:6   | Entered Level 6 of the Lair of Beasts
 11709 | Lair:6   | Reached skill level 16 in Maces & Flails
 12006 | Lair:6   | Reached ****** piety under Makhleb
 12329 | Lair:6   | Noticed a dire elephant
 12339 | Lair:6   | Killed a dire elephant
 12402 | Lair:6   | Got a crude falchion
 12403 | Lair:6   | Identified the +1 falchion of Dishonour {flame, rElec Stlth+} (You found it on level 6 of the Lair of Beasts)
 12440 | Lair:6   | Paralysed by a wizard for 6 turns
 12449 | Lair:6   | Found a burning altar of Makhleb.
 13001 | Lair:6   | Found a gateway to Hell.
 13048 | Hell     | Entered the Vestibule of Hell
 13048 | Hell     | Noticed Geryon
 13048 | Hell     | Noticed a reaper
 13048 | Hell     | Noticed a reaper
 13050 | Hell     | Noticed a reaper
 13050 | Hell     | Noticed a reaper
 13400 | Lair:3   | Reached XP level 15. HP: 88/88 MP: 15/15
 13467 | D:10     | Entered Level 10 of the Dungeon
 13532 | D:10     | Found a staircase to the Orcish Mines.
 15066 | D:12     | Found Ucazxy's Changing Room.
 15177 | D:12     | Found Syitag's Food Shop.
 15658 | D:13     | Found Ciul's Weapon Emporium.
 15659 | D:13     | Found Nixkuock's Gadget Emporium.
 15659 | D:13     | Found Jiucefyu's Antique Armour Boutique.
 15703 | D:13     | Bought a dazzling cloak for 313 gold pieces
 15708 | D:13     | Identified the +1 cloak of the Ecumenical Temple {rElec MR- Dex+2 SInv} (You bought it in a shop on level 13 of the Dungeon)
 15809 | D:13     | Found Xiboferiow's Jewellery Boutique.
 15816 | D:13     | Bought an uncursed amulet of rage for 440 gold pieces
 15984 | D:13     | Found a gate to the Vaults.
 16157 | D:13     | Found Sitriushruu's Antique Weapon Boutique.
 16165 | D:13     | Identified the +1 mace "Qamaeryn" {crush, MP+9} (You found it on level 13 of the Dungeon)
 16360 | D:14     | Reached skill level 17 in Maces & Flails
 17025 | D:15     | Entered Level 15 of the Dungeon
 17106 | D:15     | Learned a level 3 spell: Confuse
 17154 | D:15     | Noticed Rupert
 17178 | D:15     | Killed Rupert
 17178 | D:15     | Reached skill level 10 in Armour
 17286 | D:15     | Reached skill level 1 in Spellcasting
 17287 | D:15     | Found a staircase to the Depths.
 17328 | D:15     | Reached XP level 16. HP: 96/96 MP: 17/17
 17346 | D:15     | Reached skill level 1 in Hexes
 18312 | Snake:1  | Entered Level 1 of the Snake Pit
 18510 | Snake:1  | Reached skill level 15 in Fighting
 19840 | Snake:2  | Noticed Vashnia
 19891 | Snake:2  | Killed Vashnia
 20145 | Snake:2  | HP: 3/97 [shock serpent/electric aura (11)]
 20887 | Snake:3  | Noticed Nikola
 20911 | Snake:3  | Killed Nikola
 20911 | Snake:3  | Reached XP level 17. HP: 84/101 MP: 22/22
 21069 | Snake:3  | Identified a scroll of acquirement
 21355 | Snake:3  | Noticed Agnes
 21363 | Snake:3  | Killed Agnes
 21363 | Snake:3  | Reached skill level 18 in Maces & Flails
 21894 | Snake:4  | Entered Level 4 of the Snake Pit
 22920 | Snake:4  | Reached XP level 18. HP: 96/108 MP: 25/25
 22957 | Snake:4  | Reached skill level 5 in Spellcasting
 22957 | Snake:4  | Reached skill level 5 in Hexes
 22977 | Snake:4  | Got a serpentine rune of Zot
 23513 | Snake:4  | Reached skill level 15 in Shields
 24037 | Orc:1    | Entered Level 1 of the Orcish Mines
 24080 | Orc:1    | Found Roagerr's Quality Used Wands.
 24424 | Orc:1    | Found a roughly hewn altar of Beogh.
 24668 | Orc:2    | Entered Level 2 of the Orcish Mines
 24668 | Orc:2    | Found a staircase to the Elven Halls.
 24746 | Orc:2    | Found a roughly hewn altar of Beogh.
 24964 | Orc:2    | Found a roughly hewn altar of Beogh.
 24965 | Orc:2    | Found Dopsi's Book Shoppe.
 25154 | Orc:2    | Found Ylaixuc's Antique Armour Shop.
 25155 | Orc:2    | Found a roughly hewn altar of Beogh.
 25156 | Orc:2    | Found Heeten's Antique Weapon Boutique.
 25169 | Orc:2    | Bought a glowing plate armour for 928 gold pieces
 25251 | Orc:2    | Found a roughly hewn altar of Beogh.
 25400 | Orc:2    | Found a roughly hewn altar of Beogh.
 25401 | Orc:2    | Found Teipuav's Jewellery Boutique.
 25635 | Swamp:1  | Entered Level 1 of the Swamp
 26218 | Swamp:1  | Identified Sif Muna's Grimoire of Unholy Magic and Contamination
 26225 | Swamp:1  | Learned a level 4 spell: Animate Dead
 26355 | Swamp:2  | Noticed Frances
 26374 | Swamp:2  | Killed Frances
 26553 | Swamp:2  | Noticed Donald
 26569 | Swamp:2  | Killed Donald
 26665 | Swamp:2  | Reached XP level 19. HP: 115/115 MP: 28/28
 26728 | Swamp:2  | Noticed Jorgrun
 26738 | Swamp:2  | Killed Jorgrun
 27042 | Swamp:2  | Reached skill level 1 in Necromancy
 27567 | Swamp:3  | HP: 5/115 [thorn hunter/volley of thorns (9)]
 27567 | Swamp:3  | Killed from afar by a thorn hunter

Skill      XL: |  1  2  3  4  5  6  7  8  9 10 11 12 13 14 15 16 17 18 19 |
---------------+----------------------------------------------------------+-----
Maces & Flails | 3 4 5 7 9 11 13 15 16 17 18 | 18.9
Shields        | 4 5 7 8 9 10 11 12 13 14 15 | 15.7
Dodging        | 1 2 3 4 |  4.2
Fighting       | 4 5 6 7 8 10 11 13 14 15 16 17 | 17.2
Armour         | 4 5 6 7 8 9 10 11 12 13 | 13.7
Axes           | 5 6 |  6.2
Spellcasting   | 1 3 4 6 |  6.5
Hexes          | 3 4 6 |  6.3
Necromancy     | 1 |  1.4
Stealth        | |  0.5

Action                   |  1- 3 |  4- 6 |  7- 9 | 10-12 | 13-15 | 16-18 | 19-21 || total
-------------------------+-------+-------+-------+-------+-------+-------+-------++-------
Melee: Flail             |   131 |   204 |   303 |       |       |       |       ||   638
       Broad axe         |       |       |    89 |    43 |       |       |       ||   132
       Morningstar       |       |       |       |   529 |  1430 |  1867 |   192 ||  4018
Invok: Lesser Servant of |       |       |       |       |       |     1 |       ||     1
 Abil: Evoke Berserk Rag |       |       |       |       |       |     2 |       ||     2
       Stop Flying       |       |       |       |       |       |     1 |       ||     1
       Fly               |       |       |       |       |       |     1 |       ||     1
  Use: Potion            |     2 |     3 |     6 |     6 |     5 |     3 |     1 ||    26
       Scroll            |     5 |     2 |     8 |     6 |    10 |    12 |       ||    43
 Stab: Petrifying        |       |       |       |       |       |     1 |       ||     1
  Eat: Chunk             |       |     5 |    11 |    10 |    22 |    14 |     3 ||    65
       Royal jelly       |       |       |       |       |     4 |     3 |       ||     7
       Bread ration      |       |       |       |       |       |     2 |       ||     2
       Meat ration       |       |       |       |       |       |     1 |       ||     1
Armor: Scale mail        |    80 |   109 |    69 |       |       |       |       ||   258
       Chain mail        |       |       |    53 |   179 |   403 |   420 |       ||  1055
       Plate armour      |       |       |       |       |       |    77 |    44 ||   121
Dodge: Dodged            |    82 |   109 |   147 |   197 |   377 |   332 |    22 ||  1266
Block: Shield            |    89 |   170 |   272 |   361 |   795 |  1156 |    88 ||  2931
